 Dungeon Crawl Stone Soup version 0.24-a0-584-g9d6b971ae4 (webtiles) character file.

Game seed: 11708159673935992623, levelgen mode: deterministic

952 Arang the Sneak (level 7, -5/43 HPs)
             Began as a Vampire Assassin on Sept 4, 2019.
             Was a Follower of Dithmenos.
             Slain by a crocodile (18 damage)
             ... on level 8 of the Dungeon.
             The game lasted 00:17:52 (7157 turns).

Arang the Sneak (Vampire Assassin)                  Turns: 7157, Time: 00:17:53

Health: -5/43      AC:  4    Str:  6 (12) XL:     7   Next: 90%
Magic:  7/7        EV: 11    Int:  8 (14) God:    Dithmenos [*.....]
Gold:   169        SH:  3    Dex: 13 (15) Spells: 6/6 levels left

rFire    . . .     SeeInvis +   a - +2 dagger (venom)
rCold    + + .     Gourm    .   l - +0 buckler
rNeg     + + +     Faith    .   b - +0 robe
rPois    ∞         Spirit   .   (no helmet)
rElec    .         Reflect  .   c - +1 cloak
rCorr    .         Harm     .   (no gloves)
MR       +....                  (no boots)
Stlth    ++++++....             (no amulet)
HPRegen  0.00/turn              n - ring of see invisible
MPRegen  0.10/turn              t - ring of protection from magic

@: bloodless, regenerating quickly, wreathed by umbra
A: no food, fangs 3, see invisible, unbreathing
a: Bat Form, Revivify, Renounce Religion


You were on level 8 of the Dungeon.
You worshipped Dithmenos.
Dithmenos was aware of your devotion.
You were bloodless.

You visited 2 branches of the dungeon, and saw 9 of its levels.
You also visited: Sewer.

You collected 208 gold pieces.
You spent 39 gold pieces at shops.

Inventory:

Hand Weapons
 a - a +2 dagger of venom (weapon)
 i - a +2 dagger
Missiles
 d - 45 poisoned darts (quivered)
 e - 2 curare-tipped darts
 s - 7 atropa-tipped darts
Armour
 b - a +0 robe (worn)
 c - a +1 cloak (worn)
 l - a +0 buckler (worn)
 x - a +0 leather armour of cold resistance
Jewellery
 n - a ring of see invisible (left hand)
 t - a ring of protection from magic (right hand)
Wands
 v - a wand of random effects (12)
Scrolls
 f - a scroll of remove curse
 g - 2 scrolls of teleportation {unknown}
 j - a scroll of blinking {unknown}
 p - a scroll of fog {unknown}
 w - a scroll of random uselessness {unknown}
Potions
 h - a potion of magic {unknown}
 k - 4 potions of curing
 m - a potion of ambrosia
 o - 2 potions of degeneration
 q - a potion of brilliance {unknown}
 r - 2 potions of mutation {unknown}
 u - 2 potions of might


   Skills:
 + Level 4.0 Fighting
 + Level 6.1 Short Blades
 + Level 3.3 Throwing
 * Level 3.2 Armour
 - Level 1.1 Dodging
 + Level 7.1 Stealth
 * Level 0.2 Shields


You had 6 spell levels left.
You didn't know any spells.
Your spell library contained the following spells:

 Spells                   Type           Power        Failure   Level  Hunger
 Confusing Touch          Hex            #.....       56%         1    N/A
 Confuse                  Hex            #.......     91%         3    N/A
 Gell's Gravitas          Tloc           #.........   91%         3    N/A
 Petrify                  Tmut/Erth      #.......     100%        4    N/A
 Metabolic Englaciation   Hex/Ice        #.........   100%        5    N/A
 Yara's Violent Unravell  Hex/Tmut       #.........   100%        5    N/A

Dungeon Overview and Level Annotations

Branches:
Dungeon (7/15)             Temple (1/1) D:4           Sewer (visited)

Altars:
Ashenzari
Cheibriados
Dithmenos
Fedhas
Kikubaaqudgha
Makhleb
Nemelex Xobeh
Okawaru
Qazlal
Sif Muna
Trog
Uskayaw
Vehumet
Wu Jian
Xom
Zin

Shops:
D:4 !

Annotations:
D:4 Duvessa


Innate Abilities, Weirdness & Mutations

You do not eat.
You do not regenerate when monsters are visible.
You are frail without blood (-20% HP).
You are immune to poison.
You have razor-sharp teeth.
You have supernaturally acute eyesight. (SInv)
You can survive without breathing.


Message History

Your +2 dagger of venom begins to drip with poison!
You block the crocodile's attack.
You hit the crocodile.
The crocodile is poisoned.
The crocodile is lightly wounded.
The crocodile barely misses you.
You barely miss the crocodile.
The crocodile is lightly wounded.
You hit the crocodile but do no damage.
The crocodile looks as sick as possible!
The crocodile is moderately wounded.
The crocodile closely misses you.
You hit the crocodile.
The crocodile looks as sick as possible!
The crocodile is heavily wounded.
The crocodile bites you!
You hit the crocodile but do no damage.
The crocodile looks as sick as possible!
The crocodile is heavily wounded.
The crocodile bites you!!
You die...

####### .....### #
#.....##########.##
#######....)#...#....)...
#.............#.@......(.
..#####.....#...#t######
### #.....#####.# ###.###
#.# #.# #.# #.# #.# #.#
#.# #.# #.# #.# #.#


You could see a crocodile.

Vanquished Creatures
  Eustachio (D:5)
  A water moccasin zombie (D:5)
  A scorpion (D:6)
  Dowan (D:4)
  2 howler monkeys
  2 crimson imps (D:6)
  A bullfrog zombie (D:4)
  A hound (D:6)
  2 centaur skeletons (D:4)
  A gnoll shaman (D:3)
  An orc wizard (D:8)
  2 worker ants
  9 adders
  8 gnolls
  A shadow imp (D:3)
  2 oozes
  A worm (D:2)
  4 dart slugs
  6 leopard geckos
  11 orcs
  5 bats
  4 giant cockroaches
  9 goblins
  8 hobgoblins
  3 jackals (D:2)
  4 quokkas
  5 ball pythons
  16 frilled lizards
  A jackal zombie (D:6)
  3 kobolds
  19 rats
135 creatures vanquished.

Notes
Turn   | Place    | Note
-------+----------+-------------------------------------------
     0 | D:1      | Arang the Vampire Assassin began the quest for the Orb.
     0 | D:1      | Reached XP level 1. HP: 16/16 MP: 1/1
   141 | D:1      | Reached skill level 6 in Stealth
   227 | D:1      | Reached XP level 2. HP: 4/17 MP: 2/2
   925 | D:1      | Reached skill level 7 in Stealth
  1324 | D:2      | Reached XP level 3. HP: 21/21 MP: 3/3
  1653 | D:2      | Reached skill level 1 in Armour
  1718 | D:2      | Reached XP level 4. HP: 26/26 MP: 4/4
  2281 | D:2      | Found a snail-covered altar of Cheibriados.
  3083 | D:3      | Reached XP level 5. HP: 31/31 MP: 5/5
  3511 | D:4      | Found a blossoming altar of Fedhas.
  4393 | D:4      | Reached XP level 6. HP: 21/37 MP: 6/6
  4608 | D:4      | Found Efreguav's Distillery.
  4628 | D:4      | Bought a potion of curing for 39 gold pieces
  4682 | D:4      | Found a staircase to the Ecumenical Temple.
  4691 | Temple   | Entered the Ecumenical Temple
  4922 | Temple   | Became a worshipper of Dithmenos the Shadowed
  5108 | D:4      | Noticed Duvessa
  5108 | D:4      | Noticed Dowan
  5120 | D:4      | Killed Dowan
  5720 | D:4      | You fall into a shaft and drop 3 floors!
  5810 | D:6      | Reached skill level 5 in Short Blades
  5921 | D:6      | Reached XP level 7. HP: 35/41 MP: 7/7
  6064 | D:5      | Entered Level 5 of the Dungeon
  6170 | D:5      | Noticed Eustachio
  6358 | D:5      | Killed Eustachio
  6594 | D:5      | Found a glowing drain.
  6598 | Sewer    | Entered a sewer
  6630 | Sewer    | Reached * piety under Dithmenos
  6979 | D:5      | Noticed a +0 dagger
  6983 | D:5      | Noticed a +0 hand axe
  6991 | D:5      | Found a hide-covered altar of Uskayaw.
  7067 | D:5      | You fall into a shaft and drop 3 floors!
  7157 | D:8      | Slain by a crocodile

Levels and vault maps discovered:
D:1:      minmay_arrival_four_circles, layout_basic
D:2:      layout_rooms, old_standard_altar, serial_co_window_serial,
          co_window_cross_1, co_window_corner_a, co_window_of_opportunity_a,
          co_window_of_opportunity_a, co_window_cross_1, co_window_paths_c,
          co_window_corner_b, co_window_cross_3, co_window_sun, glass_columns_b,
          glass_columns_a, glass_columns_a, corexii_item_surrounded_by_moat,
          grunt_ministairs_1
D:3:      layout_basic, first_ration
D:4:      layout_gridville, kennysheep_little_box, lemuel_doored_altar,
          minmay_temple_entry_slanted, serial_shops, kennysheep_mini_moat,
          minivault_14, minmay_misc_feat_alley, uniq_duvessa
D:5:      layout_loops_ring, dancing_weapons_uskayaw, gup_sewer_entry_spiral,
          st_stairs_1, uniq_eustachio
D:6:      layout_basic, eino_tiny_chamber
D:7:      layout_loops_cross, lemuel_round_altar, serial_bayou_pond_a,
          bh_walls_and_bars
D:8:      layout_loops_ring, lemuel_zombie_altar_yredelemnul,
          gammafunk_temple_overflow_elements, serial_ice, serial_ice_b,
          serial_ice_j, serial_ice_f, serial_ice_d, serial_ice_g, serial_ice_h,
          uniq_grum
Temple:   oiseaux_autumnal_temple

Skill      XL: |  1  2  3  4  5  6  7 |
---------------+----------------------+-----
Stealth        | 6 7 |  7.1
Fighting       | 2 3 4 |  4.0
Armour         | 1 2 3 |  3.2
Short Blades   | 3 4 5 6 |  6.1
Throwing       | 2 3 |  3.3
Dodging        | |  1.1
Shields        | |  0.2

Action                   |  1- 3 |  4- 6 |  7- 9 || total
-------------------------+-------+-------+-------++-------
Melee: Dagger            |    93 |   201 |   130 ||   424
       Bite              |     8 |    28 |    12 ||    48
       Unarmed           |       |    63 |       ||    63
Throw: Dart              |       |    25 |    16 ||    41
 Abil: Exsanguinate      |     1 |       |       ||     1
       End Transformatio |       |     3 |     1 ||     4
       Bat Form          |       |     3 |     1 ||     4
  Use: Potion            |       |     1 |       ||     1
       Scroll            |       |       |     7 ||     7
 Stab: Sleeping          |    20 |    23 |     6 ||    49
       Distracted        |       |     1 |     1 ||     2
Armor: Robe              |    10 |    25 |    22 ||    57
Dodge: Dodged            |    41 |   179 |    95 ||   315
Block: Buckler           |       |       |     1 ||     1

Table legend:
 A = Non-vault XP
 B = Vault XP
 C = Vault XP percentage of total XP
 D = Non-vault monster count
 E = Vault monster count
 F = Vault count percentage of total count
                 A         B        C        D         E       F
            +---------+---------+-------+---------+---------+-------
      Total |     960 |     401 |  29.5 |     112 |      23 |  17.0
            +---------+---------+-------+---------+---------+-------
        D:1 |      36 |       0 |   0.0 |      18 |       0 |   0.0
        D:2 |      84 |       3 |   3.4 |      28 |       2 |   6.7
        D:3 |     185 |       0 |   0.0 |      35 |       0 |   0.0
        D:4 |     216 |      63 |  22.6 |      17 |       1 |   5.6
        D:5 |      88 |     296 |  77.1 |       2 |       7 |  77.8
        D:6 |     277 |       0 |   0.0 |       8 |       0 |   0.0
        D:8 |      74 |       0 |   0.0 |       4 |       0 |   0.0
      Sewer |       0 |      39 | 100.0 |       0 |      13 | 100.0
            +---------+---------+-------+---------+---------+-------
